Map: Terraform LE (Void)

Players

IMConflicted - Winner!

  • Race: Zerg Zerg
  • League: Master

quickndirty

  • Race: Protoss Protoss
  • League: Silver

VOD

Have the link to the VOD?

Description

Time

  • Played on: July 26, 2015, 11:55 a.m.
  • Length: 23:03
Show
View Real Time Build Order
Export as new Build Order

IMConflicted Zerg - Winner!

Build Orders: Hatch First, Lurkers 

Get SALT Encoding   

  12  0:01  Drone  
  13  0:09  Drone  
  14  0:17  Overlord  
  14  0:25  Drone, Extractor  
  15  0:36  Drone x2  
  17  0:46  Drone  
  18  1:05  Hatchery, Extractor  
  16  1:18  Drone  
  16  1:19  Spawning Pool  
  16  1:22  Drone  
  16  1:25  Drone  
  17  1:33  Drone  
  18  1:40  Drone  
  19  1:50  Overlord  
  19  2:04  Drone  
  19  2:05  Queen  
  22  2:16  Zergling x2  
  22  2:17  Metabolic Boost  
  23  2:24  Zergling x4  
  25  2:41  Zergling x6  
  28  2:46  Queen  
  30  2:54  Spine Crawler  
  29  3:02  Zergling x8  
  31  3:18  Zergling x2  
  31  3:19  Zergling x8  
  36  3:26  Zergling x2  
  36  3:31  Zergling x2  
  36  3:33  Overlord  
  34  3:43  Zergling x2  
  34  3:45  Lair  
  34  3:47  Extractor  
  34  3:50  Drone x2  
  34  3:52  Drone  
  34  3:55  Drone x2  
  39  3:57  Queen  
  39  4:01  Overlord  
  39  4:02  Drone  
  42  4:15  Drone x2  
  42  4:16  Drone  
  42  4:28  Drone x6  
  47  4:41  Extractor  
  47  4:42  Extractor  
  47  4:43  Overlord  
  43  4:47  Hydralisk Den  
  41  4:54  Hatchery  
  41  4:59  Evolution Chamber  
  39  5:12  Lurker Den  
  39  5:14  Roach Warren  
  39  5:19  Drone x2  
  39  5:20  Drone x4  
  44  5:38  Hydralisk  
  44  5:39  Hydralisk x3  
  52  5:45  Overlord x2  
  51  5:59  Overlord  
  51  6:03  Queen  
  52  6:13  Roach  
  52  6:14  Roach x5  
  40  6:43  Roach x7  
  44  6:58  Hydralisk  
  44  6:59  Hydralisk x2  
  44  7:16  Hatchery  
  43  7:25  Lurker x2  
  45  7:30  Drone x6  
  45  7:36  Lurker  
  52  8:00  Drone  
  52  8:01  Drone x2  
  49  8:07  Queen  
  44  8:13  Drone  
  45  8:24  Drone  
  46  8:27  Pneumatized Carapace  
  46  8:30  Drone  
  47  8:40  Hydralisk  
  49  8:49  Spore Crawler  
  48  9:04  Hydralisk x2  
  52  9:12  Lurker  
  53  9:21  Hydralisk  
  55  9:30  Lurker  
  56  9:31  Drone  
  56  9:37  Lurker  
  58  9:46  Drone x2  
  60  10:17  Spine Crawler  
  59  10:24  Drone  
  60  10:34  Overlord x2  
  60  10:48  Lurker, Spine Crawler  
  54  11:19  Drone x6  
  54  11:20  Drone x5  
  65  11:36  Drone x3  
  64  11:57  Hydralisk x2  
  67  12:13  Drone  
  68  12:26  Overlord x2  
  68  12:31  Lurker x2, Extractor x2  
  68  12:45  Drone x6  
  74  12:56  Drone  
  75  13:11  Overlord  
  75  13:12  Overlord  
  75  13:19  Overlord x2  
  75  13:20  Hydralisk x3  
  81  13:28  Drone  
  81  13:30  Drone  
  83  13:44  Drone x2  
  83  13:45  Drone x4  
  89  14:14  Hydralisk x2  
  89  14:15  Hydralisk x3  
  99  14:24  Overlord x2  
  99  14:27  Overlord  
  99  14:28  Overlord x3  
  99  14:44  Lurker x5  
  99  14:45  Hatchery, Lurker  
  104  14:47  Lurker  
  95  15:13  Overseer  
  93  15:52  Lair  
  91  16:00  Drone x8  
  91  16:03  Drone x6  
  91  16:04  Drone  
  104  16:46  Extractor  
  103  16:47  Extractor  
  103  16:48  Spore Crawler, Spine Crawler  
  100  16:56  Hydralisk Den  
  100  16:57  Drone x6, Spire  
  100  16:58  Infestation Pit  
  103  17:13  Spore Crawler, Spine Crawler  
  101  17:15  Spine Crawler  
  97  17:28  Hatchery, Lurker Den  
  96  17:40  Queen  
  100  17:45  Hive  
  98  18:02  Hydralisk  
  98  18:03  Hydralisk x5  
  110  18:06  Overseer  
  110  18:19  Queen  
  106  18:42  Drone  
  106  18:43  Drone x5  
  106  18:44  Evolution Chamber  
  106  18:45  Evolution Chamber  
  110  18:50  Queen  
  112  18:59  Lurker  
  113  19:04  Overlord x2  
  113  19:08  Greater Spire  
  113  19:11  Zerg Missile Weapons Level 1, Zerg Ground Armor Level 1  
  113  19:16  Roach Warren  
  112  19:17  Drone  
  112  19:18  Drone x8  
  121  19:26  Lurker  
  121  19:27  Lurker x5  
  121  19:30  Overseer  
  127  19:43  Drone x5  
  132  19:50  Spine Crawler  
  131  20:01  Overlord x2  
  131  20:06  Extractor x2  
  123  20:22  Viper x3  
  132  20:31  Overlord x4  
  132  20:34  Roach x10  
  152  21:07  Drone x9  
  152  21:08  Drone x4  
  109  22:17  Mutalisk x10  
  129  22:26  Drone  
  129  22:27  Spawning Pool  
  129  22:42  Overlord x2  
  129  22:44  Hatchery, Extractor  
  128  22:48  Extractor  
  128  22:50  Overseer x4  
Show
View Real Time Build Order
Export as new Build Order

quickndirty Protoss 

Build Orders:  

Get SALT Encoding   

  12  0:01  Probe  
  13  0:15  Pylon  
  13  0:18  Probe  
  14  0:34  Probe (Chrono Boost)  
  15  0:37  Gateway  
  16  0:43  Probe (Chrono Boost)  
  16  0:51  Probe, Assimilator  
  17  1:03  Probe (Chrono Boost)  
  18  1:07  Gateway  
  18  1:15  Probe (Chrono Boost)  
  19  1:21  Probe (Chrono Boost)  
  20  1:28  Cybernetics Core  
  20  1:38  Probe  
  21  1:44  Pylon  
  21  1:50  Probe (Chrono Boost)  
  22  2:04  Probe (Chrono Boost)  
  22  2:06  Adept x2  
  27  2:10  Probe (Chrono Boost)  
  27  2:12  Pylon  
  28  2:21  Probe (Chrono Boost)  
  29  2:27  Probe (Chrono Boost)  
  30  2:33  Adept x2  
  34  2:53  Nexus  
  34  2:55  Mothership Core (Chrono Boost)  
  33  3:39  Probe  
  32  3:42  Pylon  
  32  3:46  Warp Gate (Chrono Boost)  
  32  3:47  Gateway x2  
  28  3:55  Adept (Chrono Boost)  
  32  4:01  Gateway  
  32  4:02  Adept (Chrono Boost)  
  32  4:03  Gateway  
  31  4:20  Adept  
  31  4:21  Adept  
  33  4:48  Pylon  
  31  4:53  Probe  
  31  4:58  Pylon  
  32  5:04  Pylon  
  32  5:05  Probe  
  33  5:14  Assimilator  
  33  5:17  Pylon  
  33  5:27  Pylon  
  33  5:39  Adept  
  33  5:40  Adept x5  
  33  5:41  Pylon  
  45  5:57  Adept x2  
  45  6:00  Adept x2  
  45  6:03  Adept x2  
  57  6:19  Adept x2  
  59  6:32  Stalker x2  
  63  6:33  Adept x2  
  65  6:44  Stalker  
  59  7:00  Stalker x2  
  63  7:24  Stalker x3  
  69  7:34  Adept  
  69  7:35  Adept  
  73  7:42  Adept  
  67  8:21  Nexus  
  67  9:08  Robotics Facility  
  67  9:32  Stalker x4  
  67  9:37  Probe (Chrono Boost)  
  77  9:46  Probe (Chrono Boost)  
  77  10:04  Warp Prism (Chrono Boost)  
  77  10:06  Probe (Chrono Boost)  
  80  10:12  Twilight Council, Probe (Chrono Boost)  
  82  10:21  Probe (Chrono Boost)  
  83  10:35  Probe (Chrono Boost)  
  83  10:39  Pylon  
  83  10:45  Probe  
  85  10:57  Observer (Chrono Boost)  
  81  11:04  Pylon  
  81  11:05  Pylon  
  81  11:10  Assimilator  
  81  11:12  Assimilator  
  81  11:24  Probe  
  82  11:25  Pylon  
  82  11:33  Probe  
  83  11:58  Probe  
  82  12:09  Probe  
  83  12:17  Dark Shrine  
  83  12:18  Probe  
  83  12:20  Pylon  
  84  12:27  Adept x4  
  84  12:28  Adept x2  
  96  12:32  Probe  
  96  12:33  Nexus  
  96  12:34  Pylon  
  96  12:36  Pylon  
  97  12:49  Forge  
  97  13:27  Probe  
  97  13:32  Assimilator  
  98  13:34  Assimilator  
  98  13:35  Probe  
  98  13:36  Observer (Chrono Boost)  
  98  13:38  Photon Cannon  
  98  13:40  Photon Cannon  
  100  13:42  Pylon  
  68  14:24  Probe  
  68  14:30  Probe  
  69  14:43  Stalker x4  
  69  14:44  Stalker  
  75  14:54  Dark Templar  
  77  15:07  Probe  
  77  15:10  Probe  
  79  15:17  Dark Templar x4  
  79  15:18  Dark Templar  
  89  15:38  Probe  
  78  15:54  Probe (Chrono Boost)  
  78  15:56  Probe (Chrono Boost)  
  81  15:58  Probe (Chrono Boost)  
  83  16:04  Probe x2 (Chrono Boost)  
  83  16:06  Probe (Chrono Boost)  
  84  16:13  Probe  
  84  16:14  Probe  
  84  16:15  Dark Templar  
  84  16:17  Probe  
  87  16:25  Probe  
  87  16:30  Probe  
  89  16:34  Dark Templar x4  
  89  16:35  Dark Templar  
  97  16:46  Probe  
  90  16:48  Dark Templar  
  92  16:54  Probe  
  92  16:56  Probe  
  92  16:58  Probe, Protoss Ground Weapons Level 1 (Chrono Boost)  
  95  17:01  Forge  
  95  17:05  Robotics Facility  
  95  17:08  Pylon  
  95  17:11  Pylon  
  91  17:32  Probe  
  92  17:44  Probe  
  92  17:47  Adept x6  
  105  17:54  Robotics Bay  
  105  17:55  Probe  
  106  17:59  Protoss Ground Armor Level 1 (Chrono Boost)  
  106  18:14  Stalker x2  
  106  18:15  Stalker x2  
  106  18:17  Nexus  
  113  18:32  Probe  
  114  18:38  Probe  
  114  18:40  Probe  
  116  18:45  Templar Archives, Probe  
  117  18:50  Probe  
  117  18:53  Probe  
  119  18:59  Assimilator  
  119  19:07  Assimilator  
  119  19:09  Colossus  
  119  19:10  Colossus  
  131  19:17  Protoss Ground Weapons Level 2 (Chrono Boost)  
  131  19:20  Probe  
  131  19:24  Probe, Photon Cannon  
  133  19:36  Dark Templar  
  133  19:37  Dark Templar x2  
  133  19:46  Probe  
  133  19:48  Psionic Storm  
  134  19:54  Probe  
  135  20:01  High Templar x3  
  141  20:07  Pylon  
  141  20:10  Pylon  
  141  20:13  Pylon  
  138  20:25  Colossus x2 (Chrono Boost)  
  150  20:28  Protoss Ground Armor Level 2 (Chrono Boost)  
  150  20:34  High Templar x3  
  156  20:50  Adept  
  156  20:51  Adept  
  156  20:55  Dark Templar  
  162  21:25  Stalker  
  164  21:26  Stalker x3  
  164  21:29  Nexus  
  68  22:13  Stalker x2  
  68  22:14  Stalker x4  
  90  22:37  High Templar x3  
  90  22:38  High Templar x2  
  90  22:41  Adept  
Tags
 
Add a new tag
Caveats
  • Supply blocks, unpowered buildings, or Contaminate may cause inaccurate times.
  • Supply counts are checked every 10 seconds.